 Dungeon Crawl Stone Soup version 0.30.0-5-g1a98f26d00 (webtiles) character file.

Game seed: 14865440241892295749

49 SnakkuSnakku7 the Changer (level 3, 0/20 HPs)
             Began as a Deep Elf Transmuter on May 11, 2023.
             Succumbed to an adder's poison
             ... on level 2 of the Dungeon.
             The game lasted 00:03:01 (1419 turns).

SnakkuSnakku7 the Changer (Deep Elf Transmuter)     Turns: 1419, Time: 00:03:01

Health: 0/20       AC:  2    Str:  9    XL:     3   Next: 51%
Magic:  8/9        EV: 12    Int: 17    God:
Gold:   5          SH:  0    Dex: 15    Spells: 7/8 levels left

rFire   . . .        a - +0 whip (elec)
rCold   . . .        (no shield)
rNeg    . . .        l - +0 robe
rPois   .            (helmet currently unavailable)
rElec   .            (no cloak)
rCorr   .            (no gloves)
SInv    .            (boots currently unavailable)
Will    .....        (no amulet)
Stlth   +            (no ring)
HPRegen 0.23/turn    (no ring)
MPRegen 0.11/turn

%: no passive effects
@: lethally poisoned (0 -> -9), appendages (expiring), attractive
A: horns 2, talons 2
a: End Transformation


You were on level 2 of the Dungeon.
You had temporarily grown beastly horns and talons.
You visited 1 branch of the dungeon, and saw 2 of its levels.

You collected 41 gold pieces.
You spent 36 gold pieces at shops.

Inventory:

Hand Weapons
 a - a +0 whip of electrocution (weapon)
Armour
 l - a +0 robe (worn)
Scrolls
 c - 2 scrolls of poison {unknown}
 f - a scroll of fear {unknown}
 i - a scroll of enchant weapon {unknown}
 j - a scroll of fog {unknown}
 k - a scroll of torment {unknown}
Potions
 b - a potion of lignification
 d - a potion of attraction
 e - a potion of magic {unknown}
 g - a potion of mutation {unknown}
 h - a potion of berserk rage
 m - a potion of flight {unknown}
 n - a potion of resistance {unknown}


   Skills:
 - Level 0.7 Fighting
 + Level 1.1 Maces & Flails
 - Level 2.4 Dodging
 - Level 3.0 Unarmed Combat
 - Level 3.0 Spellcasting
 - Level 3.1 Transmutations


You had 7 spell levels left.
You knew the following spells:

 Your Spells              Type           Power      Damage    Failure   Level
a - Beastly Appendage     Tmut           26%        N/A       4%          1

Your spell library contained the following spells:

 Spells                   Type           Power      Damage    Failure   Level
 Wereblood                Tmut           13%        N/A       8%          2
 Necrotise                Necr           8%         1d4       17%         1
 Spider Form              Tmut/Pois      7%         N/A       28%         3
 Vampiric Draining        Necr           2%         2d6       45%         3
 Ice Form                 Ice/Tmut       7%         N/A       67%         4
 Agony                    Necr           2%         N/A       99%         5


Dungeon Overview and Level Annotations

Branches:
Dungeon (2/15)

Altars:

Shops:
D:1 [[?*=


Innate Abilities, Weirdness & Mutations

You have temporarily grown beastly horns and talons.


Message History

You hit the adder.
The adder is severely wounded.
The adder closely misses you. The adder barely misses you.
You hit the adder.
You kill the adder!
Your Maces & Flails skill increases to level 1!
You hit the jackal.
The jackal is heavily wounded.
The jackal bites you.
* * * LOW HITPOINT WARNING * * *
The jackal bites you.
* * * LOW HITPOINT WARNING * * *
You hit the jackal.
You kill the jackal!
You swing at nothing.
You start resting.
An adder comes into view.
The adder hisses angrily.
Casting: Beastly Appendage (safe; 4% risk of failure)
Confirm with . or Enter, or press ? or * to list all spells.
You grow a pair of large bovine horns.
Your feet morph into talons.
The adder bites you.
You barely miss the adder. The adder bites you.
You hit the adder but do no damage. You claw the adder, but do no damage.
Your punch misses the adder. The adder bites you but does no damage.
You hit the adder but do no damage. Your kick misses the adder.
Your transformation is almost over.
The adder bites you.
You are poisoned.
The adder poisons you! The adder bites you.
You hit the adder.
The adder is moderately wounded.
* * * LOW HITPOINT WARNING * * *
You feel sick. The adder bites you.
* * * LOW HITPOINT WARNING * * *
You are more poisoned.
The adder poisons you!
It was a potion of attraction.
You feel attractive to monsters.
You die... ....) ###### .... ###########....# h.$ #........##....# hh#

#........##....######### ..
#.....S@.).............. # #.
#........##.............
....##.####..######..............
.>)......†..............#..####..
.....##..##.............#..#..'..
... ##..#.........#####..#..#.. .
##...........# #..####..
##.........### #....P...
..<.....†...###........


You could see an adder.

Vanquished Creatures
  An adder (D:2)
  3 dart slugs (D:1)
  3 ball pythons
  4 bats
  A giant cockroach (D:2)
  4 hobgoblins
  4 jackals (D:2)
  A frilled lizard (D:2)
  4 goblins
  4 kobolds
  4 rats
33 creatures vanquished.

Notes
Turn   | Place    | Note
-------+----------+-------------------------------------------
     0 | D:1      | SnakkuSnakku7 the Deep Elf Transmuter began the quest for
                  | the Orb.
     0 | D:1      | Reached XP level 1. HP: 11/11 MP: 6/6
    25 | D:1      | Found Dipsi's Antique Armour Shoppe.
    62 | D:1      | Found Ipyl's Magic Scroll Shop.
    93 | D:1      | Found Neest's Armour Emporium.
   148 | D:1      | Found a faded altar of an unknown god.
   263 | D:1      | Found Odukica's Jewellery Boutique.
   366 | D:1      | Reached XP level 2. HP: 9/16 MP: 8/8
   510 | D:1      | Found Dukair's General Store.
   936 | D:1      | Bought a scroll of noise for 12 gold pieces
   936 | D:1      | Bought a scroll of identify for 24 gold pieces
  1253 | D:2      | Reached XP level 3. HP: 16/20 MP: 9/9
  1365 | D:2      | Reached skill level 1 in Maces & Flails
  1419 | D:2      | Succumbed to an adder's poison

Illustrated notes

Levels and vault maps discovered:
D:1:      dpeg_arrival_rooms_with_view, layout_loops_corners,
          ebering_ecumenical_altar_abandoned, serial_shops, shop, shop, shop,
          shop, shop_fountains, hangedman_glass_teeth
D:2:      layout_rooms, corexii_shack, kennysheep_cross_room

Skill      XL: |  1  2  3 |
---------------+----------+-----
Transmutations | 3 |  3.1
Unarmed Combat | 3 |  3.0
Maces & Flails | 1 |  1.1
Fighting       | |  0.7
Dodging        | |  2.4
Spellcasting   | |  3.0

Action                     || total
---------------------------++-------
  Melee: Unarmed           ||    77
         Kick              ||    10
         Punch             ||     4
         Headbutt          ||     2
         Whip              ||    48
   Cast: Beastly Appendage ||    12
    Use: Scroll            ||     1
         Potion            ||     1
   Stab: Sleeping          ||     2
 Armour: Robe              ||    23
  Dodge: Dodged            ||    74
